Map: Baalpeak LE

Players

Zapazdaylo

  • Race: Protoss Protoss
  • Spawn Location: 5:00

zaletaylo

  • Race: Protoss Protoss
  • Spawn Location: 5:00

Zabegaylo

  • Race: Protoss Protoss
  • Spawn Location: 5:00

Wlodziu

  • Race: Zerg Zerg
  • Spawn Location: 11:00

Iceberg

  • Race: Protoss Protoss
  • Spawn Location: 11:00

Leon

  • Race: Zerg Zerg
  • Spawn Location: 11:00

VOD

Have the link to the VOD?

Description

Time

  • Played on: Feb. 1, 2026, 1:47 p.m.
  • Length: 13:16
Show
View Real Time Build Order
Export as new Build Order

Zapazdaylo Protoss 

Build Orders: Dark Templar Rush 

Get SALT Encoding   

  12  0:00  Probe  
  13  0:12  Probe  
  14  0:18  Pylon  
  14  0:25  Probe  
  15  0:29  Assimilator  
  15  0:41  Pylon  
  15  0:42  Probe  
  16  0:54  Probe  
  17  1:04  Probe  
  17  1:06  Gateway  
  18  1:12  Probe  
  18  1:18  Forge  
  19  1:21  Probe  
  19  1:25  Assimilator  
  20  1:33  Probe  
  21  1:45  Probe  
  22  1:55  Photon Cannon  
  22  1:56  Zealot  
  22  2:00  Cybernetics Core  
  24  2:13  Probe  
  25  2:25  Probe  
  27  2:37  Probe  
  26  2:49  Probe  
  26  2:50  Warp Gate  
  27  2:57  Pylon  
  27  2:58  Shield Battery  
  27  3:03  Twilight Council  
  27  3:06  Gateway  
  27  3:07  Gateway  
  27  3:13  Gateway  
  27  3:24  Stalker  
  29  3:43  Dark Shrine  
  29  3:59  Nexus  
  29  4:02  Pylon  
  29  4:13  Probe  
  30  4:23  Robotics Facility  
  30  4:26  Probe  
  31  4:38  Probe  
  32  4:50  Probe  
  33  4:57  Dark Templar x2  
  33  4:58  Dark Templar  
  39  5:00  Dark Templar  
  39  5:02  Probe  
  42  5:12  Probe  
  42  5:13  Probe  
  43  5:15  Observer  
  43  5:20  Probe  
  45  5:22  Probe  
  45  5:23  Shield Battery  
  45  5:27  Pylon  
  47  5:28  Probe  
  47  5:33  Pylon  
  48  5:39  Stalker  
  48  5:41  Sentry  
  52  5:46  Probe x2  
  54  5:51  Assimilator  
  54  5:54  Assimilator  
  48  6:22  Probe x2  
  50  6:33  Nexus  
  50  6:34  Probe x2, Pylon  
  52  6:46  Probe x2  
  54  6:48  Gateway x2  
  54  6:51  Gateway  
  54  6:53  Gateway  
  54  6:55  Robotics Facility  
  54  6:57  Robotics Bay  
  54  7:01  Pylon, Probe x2  
  54  7:11  Probe x2  
  56  7:19  Probe x2  
  56  7:27  Probe  
  56  7:28  Probe, Immortal  
  58  7:35  Colossus  
  64  7:42  Extended Thermal Lance  
  70  7:53  Probe x3  
  73  8:00  Assimilator  
  73  8:02  Protoss Ground Weapons Level 1  
  73  8:03  Assimilator  
  73  8:05  Probe, Observer  
  74  8:08  Forge  
  75  8:13  Probe x2, Forge  
  77  8:22  Colossus  
  83  8:29  Probe  
  84  8:37  Probe x2  
  86  8:41  Probe  
  86  8:42  Stalker x2  
  86  8:44  Sentry  
  86  8:45  Nexus  
  86  8:46  Pylon  
  93  8:49  Pylon, Probe x2, Protoss Ground Armor Level 1  
  93  8:52  Protoss Shields Level 1  
  95  9:00  Blink  
  95  9:05  Colossus  
  101  9:20  Stalker x4  
  101  9:21  Stalker  
  111  9:32  Probe x3  
  111  9:37  Warp Prism  
  114  9:41  Stalker x3  
  114  9:44  Probe x2  
  114  9:45  Probe  
  123  9:52  Pylon  
  125  9:55  Pylon  
  125  9:56  Pylon, Probe x2  
  125  9:57  Probe  
  128  10:09  Stalker x4  
  128  10:10  Sentry  
  138  10:17  Protoss Ground Weapons Level 2  
  138  10:30  Stalker  
  138  10:31  Stalker x2  
  138  10:34  Assimilator  
  144  10:38  Assimilator  
  144  11:13  Stalker x3  
  144  11:14  Stalker x5  
  160  11:23  Pylon  
  160  11:25  Pylon  
  159  11:28  Pylon  
  159  11:29  Photon Cannon  
  159  11:39  Colossus x2  
  157  11:57  Stalker x2  
  157  11:58  Stalker x5  
  157  11:59  Stalker  
  150  12:13  Probe x4  
  154  12:25  Probe x4  
  158  12:32  Stalker  
  158  12:33  Stalker x7  
  176  12:59  Stalker x4  
  176  13:00  Stalker x2  
  188  13:06  Pylon  
  188  13:08  Pylon  
  188  13:10  Pylon  
Show
View Real Time Build Order
Export as new Build Order

zaletaylo Protoss 

Build Orders: Nexus First, Carriers 

Get SALT Encoding   

  12  0:00  Probe  
  13  0:12  Probe  
  14  0:18  Pylon  
  14  0:24  Probe  
  15  0:36  Probe  
  16  0:48  Probe  
  17  1:01  Nexus  
  17  1:02  Probe  
  18  1:12  Gateway  
  18  1:16  Probe  
  19  1:22  Assimilator  
  19  1:28  Probe  
  19  1:32  Assimilator  
  20  1:40  Probe  
  20  1:41  Pylon  
  21  1:53  Probe  
  22  1:59  Cybernetics Core  
  22  2:04  Probe  
  23  2:12  Probe  
  23  2:13  Probe  
  23  2:20  Probe  
  23  2:21  Probe  
  25  2:29  Zealot  
  29  2:30  Probe  
  29  2:31  Probe  
  31  2:40  Stargate  
  31  2:56  Shield Battery  
  31  3:16  Void Ray  
  35  3:40  Probe  
  36  3:52  Probe, Void Ray  
  36  3:53  Probe  
  42  3:58  Pylon  
  42  4:00  Pylon  
  42  4:04  Assimilator, Probe  
  42  4:05  Probe  
  42  4:08  Shield Battery, Assimilator  
  44  4:16  Probe  
  45  4:17  Probe  
  45  4:22  Pylon  
  46  4:26  Fleet Beacon  
  46  4:27  Probe  
  46  4:28  Probe  
  48  4:31  Stargate  
  48  4:35  Probe  
  48  4:36  Probe  
  48  4:43  Probe  
  48  4:44  Probe  
  52  4:54  Probe  
  52  4:55  Probe  
  54  5:03  Cybernetics Core  
  54  5:06  Protoss Air Weapons Level 1  
  54  5:16  Probe  
  54  5:17  Probe  
  56  5:22  Nexus  
  56  5:26  Assimilator  
  56  5:29  Assimilator, Carrier  
  62  5:41  Probe x2  
  64  5:46  Carrier  
  70  6:00  Pylon  
  70  6:02  Pylon  
  70  6:18  Probe x2  
  72  6:24  Carrier  
  72  6:30  Probe x2  
  64  6:39  Protoss Air Armor Level 1  
  70  6:42  Probe x2  
  70  6:45  Carrier  
  72  6:50  Probe  
  81  6:54  Probe x2  
  81  7:02  Probe  
  81  7:06  Probe x2  
  84  7:14  Probe  
  85  7:18  Probe x2  
  87  7:25  Carrier  
  87  7:26  Probe, Stargate  
  94  7:31  Stargate  
  94  7:37  Probe x2  
  96  7:54  Nexus  
  96  7:57  Assimilator  
  96  8:00  Pylon  
  96  8:01  Assimilator, Pylon  
  96  8:02  Pylon  
  96  8:03  Pylon  
  96  8:05  Carrier x2, Pylon x2  
  96  8:06  Pylon  
  96  8:14  Carrier  
  96  8:17  Carrier  
  108  8:26  Protoss Air Weapons Level 2  
  120  8:39  Protoss Air Armor Level 2  
  120  8:46  Probe x3  
  123  8:58  Probe x3  
  123  9:02  Carrier x2  
  138  9:10  Probe x3  
  141  9:23  Carrier  
  147  9:25  Carrier  
  153  10:12  Carrier x2  
  165  10:27  Carrier  
  171  10:59  Pylon  
  171  11:00  Pylon  
  171  11:02  Pylon  
  171  11:04  Pylon  
  171  11:08  Pylon, Carrier  
  171  11:09  Pylon, Carrier  
  171  11:10  Carrier  
  171  11:11  Pylon  
  171  11:16  Pylon  
  171  11:17  Pylon  
  177  11:19  Pylon  
  177  11:20  Pylon  
  177  11:21  Pylon  
  177  11:22  Carrier  
  177  11:23  Pylon  
  159  12:01  Carrier  
  159  12:03  Carrier  
  159  12:04  Carrier  
Show
View Real Time Build Order
Export as new Build Order

Zabegaylo Protoss 

Build Orders: 1 Gate Expand 

Get SALT Encoding   

  12  0:02  Probe  
  13  0:14  Probe  
  13  0:20  Pylon  
  14  0:26  Probe  
  15  0:31  Assimilator  
  15  0:42  Probe  
  15  0:43  Gateway  
  16  0:50  Probe  
  17  0:59  Probe  
  18  1:11  Probe  
  19  1:23  Probe  
  20  1:35  Nexus  
  20  1:47  Cybernetics Core  
  20  1:50  Probe  
  21  1:57  Pylon  
  21  2:03  Probe  
  21  2:05  Assimilator  
  22  2:15  Probe  
  23  2:32  Warp Gate  
  23  2:42  Twilight Council  
  23  2:44  Forge  
  23  2:49  Zealot  
  23  2:50  Probe  
  23  2:51  Probe  
  27  3:02  Probe  
  28  3:10  Probe  
  29  3:15  Probe  
  29  3:18  Shield Battery  
  30  3:22  Probe  
  30  3:26  Photon Cannon  
  30  3:27  Probe  
  32  3:33  Charge  
  32  3:35  Probe  
  32  3:39  Probe  
  34  3:47  Probe  
  35  3:51  Probe  
  36  3:59  Probe, Gateway  
  36  4:02  Gateway  
  37  4:03  Probe  
  37  4:09  Pylon  
  38  4:11  Probe  
  38  4:15  Probe  
  40  4:18  Assimilator  
  40  4:21  Assimilator  
  40  4:23  Probe  
  41  4:27  Probe  
  42  4:31  Photon Cannon  
  42  4:35  Probe  
  43  4:39  Probe  
  43  4:43  Protoss Ground Weapons Level 1  
  44  4:47  Probe, Gateway  
  44  4:51  Probe  
  46  4:59  Probe  
  47  5:00  Zealot x3  
  53  5:16  Pylon  
  53  5:20  Templar Archives  
  53  5:29  Gateway  
  53  5:30  Gateway  
  53  5:31  Gateway  
  53  5:32  Gateway  
  53  6:25  Pylon  
  53  6:28  Pylon  
  53  6:31  Pylon  
  53  6:35  Nexus  
  53  6:43  Probe x2  
  55  6:49  Zealot x4  
  55  6:50  Zealot x3  
  69  6:55  Probe  
  69  6:56  Probe  
  71  7:05  Gateway  
  71  7:07  Gateway, Probe  
  71  7:08  Probe  
  73  7:10  Gateway  
  73  7:11  Gateway x2  
  73  7:14  Protoss Ground Weapons Level 2  
  73  7:20  Probe x2  
  75  7:32  Probe x2, Assimilator  
  75  7:34  Assimilator  
  77  7:42  High Templar  
  77  7:43  High Templar x3  
  77  7:44  Probe  
  86  7:46  Probe  
  87  7:56  Probe  
  88  7:58  Probe  
  88  7:59  Shield Battery  
  88  8:00  Shield Battery  
  88  8:03  Shield Battery  
  88  8:05  Pylon  
  89  8:06  Shield Battery  
  89  8:08  Probe  
  90  8:15  Pylon  
  90  8:17  Pylon  
  90  8:19  Pylon x2  
  90  8:21  Pylon  
  90  8:33  Photon Cannon  
  90  8:35  Photon Cannon  
  90  8:38  Photon Cannon  
  90  8:41  Archon, Photon Cannon  
  90  8:42  Archon  
  90  8:43  Photon Cannon  
  90  8:45  High Templar  
  90  8:46  High Templar x2, Photon Cannon  
  90  8:47  High Templar x5  
  90  8:48  High Templar x3  
  110  8:52  Archon x2  
  110  8:53  Archon x2  
  110  8:54  Archon  
  112  8:58  High Templar  
  114  9:03  Archon  
  114  9:09  Probe  
  115  9:25  Nexus  
  115  9:27  Robotics Facility  
  115  9:28  Pylon  
  115  9:30  Pylon  
  115  9:33  Pylon  
  115  9:38  Protoss Ground Armor Level 1  
  115  9:53  Zealot x7  
  115  9:54  Zealot x6  
  141  10:11  Photon Cannon  
  141  10:13  Photon Cannon  
  141  10:15  Photon Cannon  
  141  10:18  Photon Cannon  
  141  10:19  Probe x3  
  144  10:22  Photon Cannon  
  144  10:27  Photon Cannon  
  144  10:30  Photon Cannon  
  144  10:31  Probe x3  
  147  10:42  High Templar x2  
  149  10:43  High Templar x4, Probe x3  
  149  10:44  High Templar x4  
  149  10:45  High Templar  
  149  10:48  Archon x3  
  149  10:49  Archon x2  
  172  10:55  Probe  
  172  11:07  Probe x4  
  176  11:19  Probe x3  
  176  11:20  Shield Battery  
  176  11:21  Shield Battery  
  179  11:27  Shield Battery, Warp Prism  
  179  11:29  Shield Battery  
  181  11:38  Photon Cannon  
  181  11:41  Photon Cannon  
  181  11:45  Photon Cannon  
  181  11:47  Photon Cannon  
  181  11:49  Photon Cannon  
  181  11:51  Photon Cannon  
  181  11:53  Photon Cannon  
  157  12:03  Zealot x8, Observer  
  157  12:04  Zealot x3  
  157  12:05  Zealot  
  168  12:21  Warp Prism  
  152  12:44  Zealot  
  152  12:45  Zealot x6  
  152  12:46  Zealot x5  
  152  12:47  Zealot  
  162  12:57  Observer  
  147  13:11  High Templar  
  147  13:12  High Templar x4  
  151  13:13  High Templar x4  
  151  13:14  High Templar x3  
  151  13:15  High Templar  
Show
View Real Time Build Order
Export as new Build Order

Wlodziu Zerg 

Build Orders: Hatch First, Roach Hydra 

Get SALT Encoding   

  12  0:02  Drone  
  13  0:13  Overlord  
  13  0:19  Drone  
  14  0:39  Drone  
  14  0:40  Drone x2  
  17  1:06  Drone  
  17  1:10  Hatchery, Extractor, Drone  
  17  1:24  Drone x2, Spawning Pool  
  18  1:33  Drone  
  19  1:55  Overlord  
  19  2:18  Queen  
  19  2:21  Queen  
  23  2:23  Zergling x2  
  23  2:24  Zergling x4  
  23  2:27  Overlord  
  23  2:28  Metabolic Boost  
  26  2:36  Drone  
  26  2:37  Drone  
  28  2:47  Drone x2  
  30  3:00  Queen  
  30  3:02  Queen  
  30  3:04  Drone  
  30  3:05  Drone  
  36  3:13  Drone x2  
  36  3:19  Evolution Chamber  
  37  3:23  Drone  
  37  3:25  Drone  
  39  3:27  Evolution Chamber  
  39  3:32  Overlord  
  39  3:33  Drone  
  39  3:35  Drone  
  40  3:52  Lair  
  40  3:58  Extractor, Zerg Missile Weapons Level 1  
  39  4:03  Drone  
  39  4:04  Drone x6  
  39  4:07  Extractor  
  39  4:08  Extractor  
  44  4:20  Drone x6  
  50  4:27  Zerg Ground Armor Level 1  
  50  4:53  Roach Warren  
  50  4:54  Drone  
  50  4:55  Drone  
  50  4:56  Drone  
  50  4:59  Overlord x3  
  52  5:22  Hatchery  
  52  5:27  Hydralisk Den  
  50  5:31  Overlord x2  
  50  5:46  Roach  
  50  5:47  Roach x9  
  70  5:53  Glial Reconstitution  
  70  5:57  Spore Crawler  
  63  6:28  Spore Crawler  
  60  6:35  Overseer  
  58  6:59  Spore Crawler  
  56  7:02  Spore Crawler  
  55  7:13  Hydralisk  
  55  7:14  Hydralisk x9  
  75  7:17  Overlord x2  
  75  7:30  Zerg Missile Weapons Level 2  
  75  7:31  Zerg Ground Armor Level 2  
  75  7:36  Queen  
  77  7:50  Spine Crawler  
  76  7:53  Spine Crawler  
  75  8:04  Hatchery  
  74  8:19  Drone  
  75  8:20  Drone x4  
  79  8:27  Drone x2  
  79  8:31  Drone  
  82  8:40  Drone x3  
  85  8:51  Muscular Augments  
  85  9:03  Drone x2  
  85  9:04  Drone x4  
  85  9:08  Overlord  
  85  9:09  Overlord  
  91  9:24  Infestation Pit  
  91  9:27  Spore Crawler  
  89  9:37  Spine Crawler  
  88  9:40  Drone  
  88  9:41  Drone x9  
  98  9:55  Grooved Spines  
  98  9:57  Hydralisk x3  
  98  9:58  Hydralisk  
  106  10:17  Extractor  
  106  10:18  Extractor  
  104  10:25  Infestor x3  
  104  10:26  Infestor  
  112  10:32  Burrow  
  112  10:36  Hive  
  112  10:39  Pneumatized Carapace  
  112  11:05  Overlord x3  
  112  11:06  Overlord x2  
  112  11:24  Infestor x3  
  112  11:25  Infestor x2  
  88  12:16  Infestor  
  88  12:17  Infestor x4  
  88  12:22  Hydralisk x10  
  112  12:26  Infestor x2  
Show
View Real Time Build Order
Export as new Build Order

Iceberg Protoss 

Build Orders: 1 Gate Expand 

Get SALT Encoding   

  12  0:00  Probe  
  13  0:12  Probe  
  14  0:18  Pylon  
  14  0:20  Probe  
  15  0:33  Probe  
  16  0:44  Gateway  
  16  0:47  Probe  
  17  0:58  Assimilator  
  17  0:59  Probe  
  18  1:11  Probe  
  19  1:26  Nexus  
  19  1:30  Pylon  
  19  1:32  Probe  
  20  1:44  Cybernetics Core  
  20  1:48  Probe  
  20  1:54  Assimilator  
  21  2:02  Probe  
  22  2:15  Probe  
  23  2:18  Warp Gate  
  23  2:26  Pylon  
  23  2:27  Probe  
  24  2:34  Forge  
  24  2:35  Gateway  
  24  2:39  Probe  
  24  2:43  Stalker  
  25  2:51  Probe  
  28  2:54  Probe  
  29  3:03  Probe  
  30  3:06  Probe  
  30  3:08  Protoss Ground Weapons Level 1  
  31  3:15  Probe  
  31  3:18  Probe  
  31  3:19  Photon Cannon  
  33  3:24  Probe  
  33  3:28  Probe  
  33  3:32  Probe  
  35  3:36  Probe  
  37  3:41  Probe  
  37  3:44  Photon Cannon  
  37  3:45  Probe  
  39  3:49  Pylon  
  39  3:51  Stalker  
  39  3:53  Probe  
  42  3:57  Probe  
  43  4:06  Probe  
  43  4:09  Probe  
  45  4:10  Photon Cannon  
  45  4:14  Assimilator  
  45  4:18  Probe, Stalker x2  
  45  4:21  Probe  
  51  4:24  Assimilator  
  51  4:30  Probe  
  52  4:33  Probe  
  52  4:34  Pylon  
  52  4:37  Gateway  
  53  4:39  Gateway  
  53  4:42  Probe  
  55  4:45  Probe  
  55  4:54  Probe  
  55  4:56  Protoss Shields Level 1  
  55  4:57  Probe  
  57  5:02  Nexus  
  57  5:05  Pylon  
  57  5:06  Probe, Zealot  
  60  5:09  Probe  
  60  5:14  Twilight Council  
  61  5:20  Zealot  
  63  5:26  Probe x2  
  65  5:29  Pylon  
  65  5:34  Photon Cannon  
  65  5:38  Probe  
  65  5:39  Probe  
  65  5:41  Stalker  
  69  5:43  Zealot  
  71  5:51  Probe x2  
  71  5:52  Photon Cannon  
  73  5:58  Pylon  
  73  6:03  Probe x2  
  75  6:11  Forge  
  75  6:13  Forge  
  75  6:15  Probe x2  
  75  6:16  Zealot x2  
  81  6:27  Probe x2  
  81  6:28  Protoss Ground Weapons Level 2  
  83  6:34  Protoss Shields Level 2, Protoss Ground Armor Level 1  
  83  6:36  Stalker  
  83  6:37  Stalker x3  
  91  6:46  Photon Cannon, Probe x2  
  93  6:48  Photon Cannon  
  93  6:54  Assimilator  
  93  6:58  Probe x2, Assimilator  
  95  7:14  Templar Archives  
  95  7:15  Dark Shrine  
  95  7:20  Charge  
  95  7:26  Stalker  
  95  7:27  Stalker x3  
  103  7:50  Pylon  
  103  7:51  Pylon  
  103  7:53  Pylon x2  
  103  8:00  Pylon  
  103  8:02  Pylon  
  103  8:03  Pylon  
  103  8:05  Pylon  
  103  8:06  Pylon  
  103  8:08  Pylon  
  103  8:09  Pylon  
  103  8:10  Pylon  
  103  8:13  Gateway  
  103  8:14  Gateway  
  103  8:15  Protoss Ground Armor Level 2  
  103  8:16  Gateway  
  103  8:23  High Templar, Gateway  
  103  8:24  High Templar  
  103  8:25  High Templar x2, Gateway  
  103  8:27  Probe x3, Gateway  
  114  8:38  Nexus  
  114  8:42  Pylon  
  114  8:49  Archon  
  114  8:50  Archon  
  114  9:07  Robotics Facility  
  114  9:09  Robotics Facility  
  114  9:16  Protoss Ground Weapons Level 3  
  114  9:21  Gateway x2  
  114  9:23  Protoss Shields Level 3  
  114  9:26  Gateway  
  114  9:35  Dark Templar x6  
  114  9:36  Dark Templar  
  128  9:40  Gateway  
  128  9:45  Blink  
  128  9:50  Zealot x3  
  134  9:55  Gateway  
  134  10:01  Pylon  
  134  10:03  Pylon  
  134  10:06  Photon Cannon  
  134  10:07  Pylon  
  134  10:10  Pylon  
  134  10:14  Zealot x2  
  134  10:15  Zealot x5  
  134  10:16  Zealot  
  134  10:17  Zealot  
  152  10:23  High Templar x4  
  160  10:35  High Templar x2  
  160  10:36  High Templar x2  
  160  10:38  Zealot x3  
  160  10:39  Zealot x3  
  160  10:41  Archon  
  160  10:42  Archon x4  
  180  10:43  Archon  
  180  10:44  Archon  
  180  11:00  Zealot x5  
  180  11:01  Zealot x3  
  178  11:51  Stalker x5  
  178  11:52  Stalker x5  
  178  11:53  Stalker x4  
  178  11:54  Stalker  
  100  12:15  High Templar x3  
  104  12:16  High Templar x2  
  104  12:19  Zealot x6  
  104  12:20  Zealot x3  
  128  12:24  Assimilator  
  128  12:28  Assimilator  
  128  12:36  Archon x2  
  128  12:50  Stalker x3  
  128  12:51  Stalker x6  
  136  12:52  Stalker  
  118  13:00  Dark Templar x2  
  118  13:03  Zealot  
  118  13:04  Zealot x2  
Show
View Real Time Build Order
Export as new Build Order

Leon Zerg 

Build Orders: Hatch First 

Get SALT Encoding   

  12  0:04  Drone  
  13  0:25  Drone  
  14  0:28  Overlord  
  14  0:47  Drone x2  
  16  0:55  Hatchery  
  16  1:18  Drone  
  16  1:20  Drone  
  16  1:21  Extractor  
  16  1:25  Spawning Pool  
  16  1:27  Drone  
  16  1:45  Drone  
  16  1:46  Drone  
  18  1:51  Drone  
  19  2:13  Queen x2  
  23  2:20  Zergling x6  
  26  2:33  Overlord  
  26  2:54  Extractor  
  26  2:56  Lair  
  25  3:00  Drone x4  
  29  3:10  Drone x2  
  31  3:16  Metabolic Boost  
  31  3:20  Drone x2  
  31  3:23  Overlord  
  33  3:33  Drone  
  34  3:38  Drone x2  
  36  3:43  Extractor  
  36  3:45  Extractor  
  36  3:46  Drone x3  
  36  3:47  Overlord  
  37  3:49  Zergling x2  
  38  4:03  Drone x4  
  42  4:20  Drone  
  42  4:21  Drone x2  
  42  4:22  Baneling Nest  
  44  4:24  Drone x3  
  44  4:30  Queen  
  49  4:34  Hatchery  
  49  4:36  Overlord  
  48  4:52  Spire, Spore Crawler  
  47  4:59  Pneumatized Carapace  
  46  5:00  Drone  
  46  5:01  Drone x3, Spore Crawler  
  49  5:08  Queen  
  51  5:15  Zergling x6  
  51  5:19  Baneling  
  51  5:20  Baneling x3  
  54  5:21  Baneling  
  54  5:30  Drone x2  
  54  5:31  Overlord  
  54  5:32  Drone  
  54  5:33  Drone  
  54  5:34  Drone  
  59  5:41  Drone  
  60  5:43  Overlord  
  60  5:48  Queen  
  62  6:02  Corruptor  
  62  6:03  Corruptor x2  
  61  6:13  Queen  
  62  6:22  Zergling x4  
  64  6:27  Overlord  
  64  6:53  Overseer  
  64  7:04  Drone x2  
  64  7:05  Drone x4  
  64  7:06  Mutalisk  
  64  7:07  Mutalisk x7  
  64  7:08  Mutalisk  
  88  7:17  Overlord x3  
  88  7:35  Overlord  
  88  7:38  Mutalisk x2  
  92  7:46  Drone x5  
  92  7:49  Drone x6  
  92  7:51  Overlord, Extractor  
  102  8:21  Extractor  
  101  8:28  Overlord x2  
  101  8:29  Mutalisk  
  101  8:30  Mutalisk x5  
  101  8:33  Zergling x2  
  115  8:34  Zergling x16  
  122  8:41  Baneling  
  122  8:42  Baneling x6  
  122  8:43  Baneling  
  122  8:56  Hatchery  
  121  9:13  Evolution Chamber  
  121  9:16  Centrifugal Hooks, Evolution Chamber  
  119  9:30  Mutalisk  
  119  9:31  Mutalisk x5  
  121  9:35  Zergling x2  
  121  9:36  Zergling x10  
  121  9:38  Overlord x3  
  137  9:39  Overlord x3  
  137  9:56  Extractor  
  137  9:58  Extractor  
  135  10:01  Spire  
  135  10:02  Spire  
  133  10:09  Spore Crawler  
  133  10:10  Queen  
  133  10:12  Drone  
  133  10:13  Drone x5  
  143  10:14  Drone x3  
  143  10:16  Drone  
  143  10:17  Drone  
  141  10:26  Corruptor  
  141  10:43  Mutalisk x6  
  149  11:09  Zergling x18  
  149  11:10  Zergling x4  
  160  11:34  Corruptor x5  
  102  12:03  Zergling x30  
  102  12:04  Zergling x10  
  100  12:21  Overseer  
  100  12:27  Baneling  
  100  12:28  Baneling x21  
  98  12:34  Mutalisk x3  
  101  12:37  Zergling x2  
  101  12:38  Zergling x4  
  93  12:52  Zergling x2  
  93  12:53  Zergling x16  
Tags
 
Add a new tag
Caveats
  • Supply blocks, unpowered buildings, or Contaminate may cause inaccurate times.
  • Supply counts are checked every 10 seconds.